 Dungeon Crawl Stone Soup version 0.17.0-24-gcfadda4 (webtiles) character file.

18027 inmateoo the Fighter (level 12, -6/82 HPs)
             Began as a Gargoyle Chaos Knight on Nov 14, 2015.
             Mangled by an ettin (17 damage)
             ... on level 13 of the Dungeon on Nov 15, 2015.
             The game lasted 00:31:51 (16528 turns).

inmateoo the Fighter (Gargoyle Chaos Knight)       Turns: 16528, Time: 00:31:52

Health: -6/82      AC: 27    Str: 13    XL:     12   Next: 54%
Magic:  12/12      EV:  8    Int: 11    God:    Xom [...*..]
Gold:   806        SH:  0    Dex: 11    Spells: 0 memorised, 11 levels left

rFire  + . .     SeeInvis .     u - +2 whip (elec)
rCold  + . .     Clarity  .     q - +1 chain mail of Ru's Anger {rC+ rN++ rCorr Str-4}
rNeg   + + +     SustAt   .     (no shield)
rPois  ∞         Gourm    .     k - +1 helmet
rElec  +         Spirit   .     B - +0 cloak
rCorr  +         Warding  .     (no gloves)
rMut   .         Stasis   .     A - +0 pair of boots
MR     .....                    p - amulet of resist corrosion
Stlth  ..........               x - +3 ring of dexterity
                                (no ring)

@: studying Fighting, not resistant to hostile enchantments, extremely
unstealthy
A: hooves 1, rough black scales 1, deformed body, dopey 2, fire resistance 1,
negative energy resistance 1, electricity resistance, weak 1, unbreathing,
petrification resistance, no device heal 1, rot immunity, AC +8
a: Renounce Religion


You were on level 13 of the Dungeon.
You worshipped Xom.
You were a favourite toy of Xom.
You were very hungry.

You visited 1 branch of the dungeon, and saw 13 of its levels.
You also visited: Bailey.

You collected 837 gold pieces.
You spent 31 gold pieces at shops.

Inventory:

Hand Weapons
 d - a +2 executioner's axe of chopping
 l - a +0 arbalest
 u - a +2 whip of electrocution (weapon)
 v - a +2 dire flail
Missiles
 H - 129 bolts
Armour
 k - a +1 helmet (worn)
 q - the +1 chain mail of Ru's Anger (worn) {rC+ rN++ rCorr Str-4}
   (You found it on level 9 of the Dungeon)

   It affects your strength (-4).
   It protects you from cold.
   It greatly protects you from negative energy.
   It protects you from acid and corrosion.
 A - a +0 pair of boots (worn)
 B - a +0 cloak (worn)
Jewellery
 o - an uncursed ring of stealth
 p - an amulet of resist corrosion (around neck)
 x - a +3 ring of dexterity (right hand)
 y - the amulet of Autotheism {Faith +Blink rF+ rC- SInv}
   (Xom gifted it to you on level 7 of the Dungeon)

   [amulet of faith]

   It allows you to gain divine favour quickly.
   It protects you from fire.
   It makes you vulnerable to cold.
   It lets you see invisible.
   It lets you blink.
Wands
 j - a wand of random effects (40)
 m - a wand of confusion (23)
 E - a wand of cold (8)
 F - a wand of polymorph (7)
 N - a wand of paralysis (1)
 O - a wand of frost (5)
 R - a wand of fire (10)
 T - a wand of teleportation (3)
Scrolls
 g - 5 scrolls of teleportation
 t - 3 scrolls of recharging
 G - a scroll of fog
 K - a scroll of remove curse
 L - a scroll of magic mapping
 M - a scroll of fear
 Q - a scroll of enchant weapon
Potions
 a - a potion of cure mutation
 b - 2 potions of might
 e - 4 potions of curing
 h - 2 potions of ambrosia
 r - a potion of cancellation
 s - 3 potions of agility
 w - a potion of magic
 z - a potion of heal wounds
 C - 2 potions of brilliance {unknown}
 D - a potion of flight {unknown}
 I - 2 potions of lignification {unknown}
 P - a potion of degeneration {unknown}
Books
 n - a manual of Fighting
Miscellaneous
 J - a disc of storms
Comestibles
 c - 14 bread rations
 f - 5 slices of pizza
 i - 8 meat rations


   Skills:
 + Level 12.7 Fighting
 * Level 11.8 Maces & Flails
 - Level 5.1 Crossbows
 + Level 10.9 Armour
 + Level 6.8 Dodging


You had 11 spell levels left.
You didn't know any spells.

Dungeon Overview and Level Annotations

Branches:
Dungeon (13/15)            Temple (0/1) D:4            Lair (0/8) D:10
    Orc (0/4) D:12         Vaults (0/5) D:13

Altars:
Dithmenos
Elyvilon
Gozag
Kikubaaqudgha
Makhleb
Qazlal
Xom
The Shining One

Shops:
D:7 *


Innate Abilities, Weirdness & Mutations

You are resistant to torment.
Your stone body is resilient (AC +8).
You are immune to poison.
You resist negative energy.
You are resistant to electric shocks.
You can survive without breathing.
You are immune to petrification.
You are immune to rotting.
You have large cloven feet.
You are partially covered in rough black scales (AC +4, Dex -1).
Armour fits poorly on your strangely shaped body.
You are very dopey. (Int -4)
Your flesh is heat resistant.
You are weak. (Str -2)
Potions and wands are less effective at restoring your health.


Message History

You are too injured to fight recklessly!
You are too injured to fight recklessly!
You are too injured to fight recklessly!
You are too injured to fight recklessly!
You are too injured to fight recklessly!
Unknown command.
Read which item? (? for menu, Esc to quit)
Okay, then.
Read which item? (? for menu, Esc to quit)
Okay, then.
Drink which item? (? for menu, Esc to quit)
Okay, then.
Read which item? (? for menu, Esc to quit)
Okay, then.
Drink which item? (? for menu, Esc to quit)
You feel much better. The ettin hits you!
* * * LOW HITPOINT WARNING * * *
The ettin hits you!
You die...
Xom thinks this is hilarious!

.......# ** * ..#####*
*,,,, #......** * ***
........,* ##+######
........,****#.......#
........,*, ,+.......#
........,*,**#.......#
........,+,* #..C....#
........,* * #..@....#
........,* #.......#
........,* #.......#
######## * #.......#
.##### ####'####
.....# #>.# ####'####
####'##### ........#
#........# ........#
#........#


You could see an ettin.

Vanquished Creatures
  A centaur warrior (D:13)
  Sonja (D:12)
  2 unseen horrors
  A hill giant (D:10)
  2 ugly things (D:13)
  2 cyclopes
  A moth of wrath (D:13)
  Joseph (D:10)
  2 trolls
  A trapdoor spider zombie (D:11)
  Prince Ribbit (D:7)
  2 two-headed ogres
  A shadow (D:11)
  A wraith (D:13)
  4 yaks (D:11)
  2 wyverns
  A vampire mosquito (D:12)
  2 deep elf magi
  2 hippogriffs
  A deep elf fighter (D:12)
  A soldier ant (D:13)
  3 black bears
  3 ogres
  4 ice beasts
  3 phantoms
  A wasp (D:7)
  A sky beast (D:9)
  An eye of draining (D:10)
  13 centaurs
  7 orc warriors (Bailey)
  A necrophage (D:5)
  5 big kobolds
  A brain worm (D:13)
  A wyvern zombie (D:6)
  5 giant frogs
  2 water moccasin zombies
  3 scorpions
  8 killer bees
  14 wights
  2 electric eels (D:11)
  2 crimson imps
  A hound (D:5)
  4 jellies
  5 orc priests
  2 centaur zombies
  14 orc wizards
  4 centaur skeletons
  A giant frog skeleton (D:11)
  5 iguanas
  2 quasits
  13 worker ants
  A killer bee zombie (D:5)
  3 hound zombies
  Robin (D:2)
  A worker ant zombie (D:6)
  20 adders
  A river rat (D:11)
  3 shadow imps
  An ooze (D:3)
  An adder zombie (D:7)
  2 worms
  7 giant geckos
  60 orcs
  6 bats
  7 giant cockroaches
  18 goblins
  12 hobgoblins
  5 quokkas
  A ball python (D:2)
  A giant cockroach zombie (D:6)
  A giant gecko skeleton (D:7)
  A giant gecko zombie (D:6)
  5 giant newts
  10 jackals
  11 kobolds
  10 rats
  2 crawling corpses (D:13)
354 creatures vanquished.

Vanquished Creatures (collateral kills)
  A deep elf knight (D:13)
  A hill giant (D:11)
  A small abomination (D:13)
  An orc knight (D:13)
  A gargoyle (D:13)
  3 deep elf priests (D:13)
  A troll (D:9)
  A kobold demonologist (D:13)
  A hungry ghost (D:12)
  A vampire mosquito (D:12)
  A necrophage (D:6)
  An ice beast (D:11)
  4 orc warriors
  A big kobold (D:13)
  2 centaurs (D:13)
  A giant frog (D:9)
  A scorpion (D:13)
  A jelly (D:11)
  A worker ant (D:11)
  2 orc wizards (D:13)
  A shadow imp (D:11)
  2 orcs (D:6)
  2 kobolds (D:13)
32 creatures vanquished.

Vanquished Creatures (others)
  A hound (D:6)
  A giant gecko (D:6)
  30 fungi (D:10)
  13 plants (D:10)
45 creatures vanquished.

Grand Total: 431 creatures vanquished

Notes
Turn   | Place    | Note
--------------------------------------------------------------
     0 | D:1      | inmateoo the Gargoyle Chaos Knight began the quest for the Orb.
     0 | D:1      | Reached XP level 1. HP: 14/14 MP: 1/1
    39 | D:1      | Reached skill level 1 in Dodging
    86 | D:1      | XOM: silly message
    91 | D:1      | XOM: scenery: 1 doors open, 1 doors close
   122 | D:1      | Reached XP level 2. HP: 16/19 MP: 2/2
   326 | D:1      | XOM: mild Trmt miscast
   502 | D:1      | XOM: scenery: 1 doors close
  1108 | D:2      | Reached XP level 3. HP: 21/23 MP: 3/3
  1160 | D:2      | Noticed Robin
  1185 | D:2      | Killed Robin
  1544 | D:2      | Reached XP level 4. HP: 25/28 MP: 4/4
  1603 | D:2      | XOM: colour smoke trail
  2157 | D:2      | Found a shadowy altar of Dithmenos.
  2217 | D:2      | Upgraded the game from 0.17.0-23-g0de4337 to 0.17.0-24-gcfadda4
  2494 | D:3      | XOM: enchant monster (good)
  2903 | D:3      | Reached XP level 5. HP: 33/33 MP: 5/5
  3072 | D:3      | XOM: mild Chrm miscast
  3102 | D:4      | XOM: divination: detect items
  3111 | D:4      | XOM: blink monster(s)
  3116 | D:4      | Reached skill level 4 in Maces & Flails
  3354 | D:3      | Reached XP level 6. HP: 24/38 MP: 6/6
  3574 | D:4      | Found an opulent altar of Gozag.
  3767 | D:4      | Found a burning altar of Makhleb.
  3849 | D:4      | XOM: harmless Pois miscast
  3886 | D:4      | XOM: potion effect (might)
  3887 | D:4      | XOM: confuse monster(s)
  3975 | D:4      | XOM: divination: detect creatures
  4093 | D:4      | XOM: confuse monster(s)
  4118 | D:4      | XOM: silly message
  4125 | D:4      | XOM: divination: detect creatures
  4128 | D:4      | XOM: cast spell 'Blink'
  4156 | D:4      | XOM: potion effect (brilliance)
  4160 | D:4      | XOM: potion effect (berserk rage)
  4161 | D:4      | Reached skill level 5 in Maces & Flails
  4259 | D:4      | Found a staircase to the Ecumenical Temple.
  4356 | D:5      | Entered Level 5 of the Dungeon
  4385 | D:5      | Reached XP level 7. HP: 34/44 MP: 7/7
  4650 | D:5      | XOM: divination: magic mapping
  4674 | D:5      | XOM: scenery: 1 doors close
  4860 | D:5      | XOM: smoke on damage
  4884 | D:5      | XOM: summons friendly white imp
  4900 | D:5      | Reached skill level 5 in Fighting
  4900 | D:5      | XOM: harmless Ice miscast
  4921 | D:5      | Reached skill level 5 in Armour
  5023 | D:5      | Reached XP level 8. HP: 30/49 MP: 8/8
  5037 | D:5      | Reached skill level 6 in Maces & Flails
  5141 | D:5      | XOM: god gift: blackened silver amulet {god gift}
  5412 | D:5      | XOM: god gift: bread ration
  5616 | D:6      | XOM: confuse monster(s)
  5617 | D:6      | XOM: divination: detect items
  5618 | D:6      | XOM: cast spell 'Dispersal'
  5920 | D:6      | Found a glowing golden altar of the Shining One.
  6024 | D:6      | XOM: colour smoke trail
  6025 | D:6      | Found a shimmering altar of Xom.
  6131 | D:6      | XOM: god gift: 3 fruits
  6177 | D:6      | Reached skill level 7 in Maces & Flails
  6293 | D:6      | XOM: confuse monster(s)
  6385 | D:6      | Reached XP level 9. HP: 33/56 MP: 9/9
  6550 | D:6      | Found a white marble altar of Elyvilon.
  6736 | D:6      | XOM: silly message
  6750 | D:6      | XOM: noise
  6762 | D:6      | XOM: 8-stop teleportation journey
  6772 | D:6      | XOM: give mutations
  6772 | D:6      | Gained mutation: Your flesh is heat resistant. [Xom's mischief]
  6772 | D:6      | Gained mutation: You are dopey. (Int -2) [Xom's mischief]
  6930 | D:6      | XOM: vitrification
  7009 | D:6      | XOM: summons 4 friendly demons
  7169 | D:7      | XOM: cast spell 'Ice Form'
  7191 | D:7      | Reached skill level 8 in Maces & Flails
  7213 | D:7      | XOM: god gift: sparkling brass amulet {god gift}
  7226 | D:7      | Got a sparkling brass amulet {god gift}
  7228 | D:7      | Identified the amulet of Autotheism {Faith +Blink rF+ rC- SInv} (Xom gifted it to you on level 7 of the Dungeon)
  7233 | D:7      | Noticed Prince Ribbit
  7235 | D:7      | XOM: fog
  7240 | D:7      | XOM: polymorph orc -> iguana
  7260 | D:7      | XOM: silly message
  7266 | D:7      | Killed Prince Ribbit
  7270 | D:7      | XOM: chaos cloud
  7276 | D:7      | XOM: 6-stop teleportation journey
  7283 | D:7      | Found Uwaxeci's Assorted Antiques.
  7301 | D:6      | XOM: colour smoke trail
  7355 | D:6      | XOM: harmless Divn miscast
  7386 | D:6      | XOM: polymorph orc wizard -> worm
  7409 | D:6      | XOM: harmless Fire miscast
  7438 | D:6      | XOM: give mutations
  7438 | D:6      | Gained mutation: Armour fits poorly on your strangely shaped body. [Xom's mischief]
  7438 | D:6      | Gained mutation: You are partially covered in rough black scales (AC +4, Dex -1). [Xom's mischief]
  7438 | D:6      | Gained mutation: You are weak. (Str -2) [Xom's mischief]
  7438 | D:6      | Gained mutation: You are very dopey. (Int -4) [Xom's mischief]
  7447 | D:6      | XOM: summons 4 hostile demons
  7448 | D:6      | Noticed a red devil
  7448 | D:6      | Noticed an orange demon
  7450 | D:6      | XOM: colour smoke trail
  7589 | D:5      | XOM: mild Air miscast
  7676 | D:7      | Bought a scroll labeled AZEUTT YGAOCH for 31 gold pieces
  7823 | D:7      | Reached skill level 5 in Dodging
  8011 | D:7      | Found a stormy altar of Qazlal.
  8067 | D:7      | Reached skill level 9 in Maces & Flails
  8236 | D:8      | Found an ancient bone altar of Kikubaaqudgha.
  8279 | D:8      | Reached XP level 10. HP: 60/63 MP: 10/10
  8370 | D:8      | XOM: divination: detect creatures
  8377 | D:8      | XOM: 3-stop teleportation journey
  8722 | D:8      | XOM: confuse monster(s)
  8728 | D:8      | XOM: enchant monster (good)
  8955 | D:8      | XOM: god gift: 12 silver sling bullets
  9041 | D:8      | XOM: medium Air miscast
  9087 | D:9      | XOM: swap monsters
  9135 | D:9      | XOM: summons 10 friendly demons
  9289 | D:9      | Found a flagged portal.
  9304 | D:9      | XOM: harmless Pois miscast
  9306 | Bailey   | Entered a bailey
  9334 | Bailey   | XOM: silly message
  9519 | Bailey   | XOM: noise
  9857 | Bailey   | XOM: noise
  9902 | Bailey   | Reached skill level 10 in Maces & Flails
 10446 | Bailey   | XOM: mild Necr miscast
 10507 | Bailey   | XOM: smoke on damage
 10516 | Bailey   | Noticed an orc knight
 10518 | Bailey   | XOM: confusion (+ monsters)
 10534 | Bailey   | XOM: give mutation
 10534 | Bailey   | Gained mutation: You are frail (-10% HP). [Xom's mischief]
 10783 | D:9      | XOM: mild Fire miscast
 10973 | D:9      | Got an ancient chain mail
 10984 | D:9      | Identified the cursed +1 chain mail of Ru's Anger {rC+ rN++ rCorr Str-4} (You found it on level 9 of the Dungeon)
 11154 | D:9      | XOM: colour smoke trail
 11244 | D:9      | Got a fine lajatang
 11270 | D:10     | Entered Level 10 of the Dungeon
 11304 | D:10     | XOM: silly message
 11337 | D:10     | XOM: summons 2 hostile shadow creatures
 11393 | D:10     | Noticed Joseph
 11483 | D:9      | XOM: colour smoke trail
 11514 | D:11     | XOM: potion effect (heal wounds)
 11589 | D:9      | XOM: god gift: beef jerky
 11957 | D:10     | Reached skill level 1 in Crossbows
 12070 | D:10     | Reached XP level 11. HP: 55/63 MP: 11/11
 12106 | D:10     | Gained mutation: You expend magic power (3 MP) to strengthen your wands. [potion of mutation]
 12106 | D:10     | Gained mutation: You have large cloven feet. [potion of mutation]
 12127 | D:10     | Found a staircase to the Lair.
 12129 | D:10     | Noticed a hill giant
 12251 | D:10     | XOM: confuse monster(s)
 12266 | D:10     | Killed Joseph
 12278 | D:9      | Gained mutation: Potions and wands are less effective at restoring your health. [mutagenic meat]
 12280 | D:9      | Lost mutation: You are frail (-10% HP). [mutagenic meat]
 12283 | D:9      | Lost mutation: You expend magic power (3 MP) to strengthen your wands. [mutagenic meat]
 12483 | D:10     | XOM: confuse monster(s)
 12772 | D:10     | XOM: silly message
 12795 | D:11     | XOM: cast spell 'Stoneskin'
 12799 | D:11     | Reached skill level 10 in Fighting
 12903 | D:11     | XOM: harmless Necr miscast
 13052 | D:11     | Noticed a hill giant
 13062 | D:11     | Killed a hill giant
 13125 | D:11     | Noticed a cyclops
 13127 | D:11     | XOM: cast spell 'Blink'
 13133 | D:11     | XOM: divination: magic mapping
 13134 | D:11     | XOM: enchant monster (good)
 13146 | D:11     | Killed a cyclops
 13232 | D:11     | Identified the +1 lajatang of Vaeneagie {venom, *Contam rPois rF- rC+++} (You found it on level 9 of the Dungeon)
 13294 | D:11     | XOM: 1-stop teleportation journey
 13611 | D:11     | XOM: noise
 13721 | D:11     | Noticed an unseen horror
 13723 | D:11     | Killed an unseen horror
 13723 | D:11     | Reached skill level 11 in Fighting
 13904 | D:11     | XOM: confusion
 13906 | D:11     | XOM: harmless Air miscast
 13979 | D:11     | XOM: mild Divn miscast
 14044 | D:11     | XOM: harmless Ice miscast
 14106 | D:10     | XOM: god gift: 8 bolts of flame
 14170 | D:10     | XOM: fog
 14185 | D:10     | Killed a hill giant
 14200 | D:10     | Reached skill level 10 in Armour
 14384 | D:10     | XOM: mild Ice miscast
 14635 | D:12     | Found a staircase to the Orcish Mines.
 14690 | D:12     | XOM: divination: detect items
 14871 | D:12     | Noticed Sonja
 14881 | D:12     | Killed Sonja
 14967 | D:12     | XOM: summons 11 friendly demons
 15262 | D:12     | Noticed an unseen horror
 15267 | D:12     | XOM: divination: detect creatures
 15269 | D:12     | Killed an unseen horror
 15269 | D:12     | Reached skill level 5 in Crossbows
 15269 | D:12     | Reached XP level 12. HP: 72/81 MP: 12/12
 15381 | D:13     | XOM: polymorph kobold demonologist -> ice beast
 15415 | D:13     | Drew Focus: Str increased to 19, Dex decreased to 9
 15445 | D:13     | XOM: summons friendly shadow imp
 15482 | D:13     | Reached skill level 12 in Fighting
 15688 | D:13     | XOM: divination: magic mapping
 15704 | D:13     | XOM: fog
 15754 | D:13     | XOM: summons friendly ufetubus
 15758 | D:13     | XOM: summons friendly ynoxinul
 15799 | D:13     | XOM: polymorph ynoxinul -> smoke demon
 15923 | D:13     | Noticed a centaur warrior
 15924 | D:13     | a centaur warrior changed into a moth of wrath
 15924 | D:13     | XOM: polymorph centaur warrior -> moth of wrath
 15954 | D:13     | Found a gate to the Vaults.
 15988 | D:13     | XOM: divination: detect items
 16052 | D:13     | XOM: 3-stop teleportation journey
 16056 | D:13     | XOM: confuse monster(s)
 16061 | D:13     | XOM: confusion (+ monsters)
 16387 | D:13     | Noticed a centaur warrior
 16406 | D:13     | XOM: divination: detect creatures
 16407 | D:13     | XOM: potion effect (curing)
 16414 | D:13     | Killed a centaur warrior
 16518 | D:13     | Noticed an ettin
 16518 | D:13     | a purple ugly thing changed into an ettin
 16518 | D:13     | XOM: polymorph purple ugly thing -> ettin
 16526 | D:13     | XOM: divination: magic mapping
 16528 | D:13     | Mangled by an ettin

Action                   |  1- 3 |  4- 6 |  7- 9 | 10-12 || total
-------------------------+-------+-------+-------+-------++-------
Melee: Mace              |   138 |   228 |    49 |       ||   415
       Flail             |       |    54 |   257 |       ||   311
       Dire flail        |       |       |    75 |    44 ||   119
       Whip              |       |       |   117 |   541 ||   658
       Unarmed           |       |       |    55 |     8 ||    63
       Arbalest          |       |       |       |     2 ||     2
       Executioner's axe |       |       |       |     1 ||     1
 Fire: Arbalest          |       |       |       |   258 ||   258
Evoke: Wand              |       |       |     3 |    10 ||    13
       Sack of spiders   |       |       |       |     6 ||     6
       Deck              |       |       |       |    13 ||    13
  Use: Scroll            |       |     9 |     6 |    16 ||    31
       Potion            |       |     1 |     2 |     4 ||     7
 Stab: Paralysed         |       |     4 |       |     5 ||     9
       Confused          |       |     1 |     2 |     6 ||     9
       Petrifying        |       |     1 |       |       ||     1
       Distracted        |       |       |       |     4 ||     4
  Eat: Chunk             |     2 |    10 |    12 |    17 ||    41
       Fruit             |       |       |     2 |     3 ||     5
       Pizza             |       |       |       |     5 ||     5
       Beef jerky        |       |       |       |     1 ||     1
       Meat ration       |       |       |       |     1 ||     1
